 Dungeon Crawl Stone Soup version 0.32-a0-799-g95e1662365 (webtiles) character file.

Game seed: 9204127063661093348

72881 smashvw the Warrior (level 15, -1/144 HPs)
             Began as a Minotaur Gladiator on Mar 21, 2024.
             Was the Champion of Yredelemnul.
             Slain by a death yak (8 damage)
             ... led by Polyphemus
             ... while petrified by a catoblepas
             ... on level 3 of the Shoals.
             The game lasted 01:07:24 (20418 turns).

smashvw the Warrior (Minotaur Gladiator)           Turns: 20418, Time: 01:07:25

Health: -1/144     AC: 21    Str: 35    XL:     15   Next: 2%
Magic:  0/23       EV:  2    Int:  9    God:    Yredelemnul [******]
Gold:   783        SH:  0    Dex: 13    Spells: 14/14 levels left

rFire   . . .        J - +4 trident (drain)
rCold   . . .        M - +0 buckler
rNeg    + + +        s - +0 plate armour
rPois   ∞            O - +1 hat of Winter {Will+ Int+2}
rElec   .            a - scarf {+Inv}
rCorr   .            y - +0 pair of gloves {Stlth+}
SInv    .            E - +0 pair of boots
Will    ++...        Z - amulet of guardian spirit Stlth
                     o - +6 ring of strength
HPRegen 0.44/turn    D - +6 ring of strength
MPRegen 0.18/turn

%: guardian spirit
@: petrified, wreathed by umbra
A: horns 2, retaliatory headbutt
a: Renounce Religion, Evoke Invisibility, Light the Black Torch, Recall Undead
Harvest, Hurl Torchlight, Bind Soul, Fathomless Shackles


You were on level 3 of the Shoals.
You worshipped Yredelemnul.
Yredelemnul was pleased with you.
You visited 4 branches of the dungeon, and saw 20 of its levels.

You collected 1793 gold pieces.
You spent 1010 gold pieces at shops.

Inventory:

Hand Weapons
 C - a +0 spear of venom
 H - a +5 spear of freezing
 J - a +4 trident of draining (weapon)
 L - a +0 vampiric glaive
Armour
 a - a scarf of invisibility (worn)
 s - a +0 plate armour (worn)
 y - a +0 pair of gloves of stealth (worn)
 E - a +0 pair of boots (worn)
 M - a +0 buckler (worn)
 O - the +1 hat of Winter (worn) {Will+ Int+2}
   (You found it on level 9 of the Dungeon)

   Int+2:     It affects your intelligence (+2).
   Will+:     It increases your willpower.
 Q - a +1 pair of gloves
Jewellery
 f - a ring of wizardry
 n - a +6 ring of intelligence
 o - a +6 ring of strength (left hand)
 r - a ring of fire
 D - a +6 ring of strength (right hand)
 F - a ring of see invisible
 K - a ring of poison resistance
 S - a ring of ice
 U - a ring of resist corrosion
 Z - an amulet of guardian spirit (around neck)
Wands
 d - a wand of polymorph (3)
 x - a wand of warping (29)
 B - a wand of flame (64)
 N - a wand of charming (13)
 R - a wand of mindburst (7)
Scrolls
 b - 3 scrolls of teleportation
 c - 4 scrolls of identify
 e - 3 scrolls of enchant weapon
 h - 4 scrolls of noise
 l - 2 scrolls of immolation
 m - 3 scrolls of revelation
 q - a scroll of brand weapon
 t - 3 scrolls of torment
 u - 2 scrolls of poison
 A - 4 scrolls of summoning
 I - 2 scrolls of blinking
 T - 2 scrolls of fog
Potions
 g - 5 potions of haste
 i - 7 potions of attraction
 j - 7 potions of curing
 k - 4 potions of brilliance
 p - 3 potions of heal wounds
 v - 4 potions of berserk rage
 w - a potion of enlightenment
 z - 3 potions of might
 G - 2 potions of mutation
 P - a potion of magic
 W - 2 potions of invisibility
 X - 2 potions of degeneration
 Y - a potion of resistance
Miscellaneous
 V - a phial of floods


   Skills:
 + Level 16.2 Fighting
 - Level 14.0 Polearms
 - Level 2.0 Throwing
 + Level 16.2 Armour
 - Level 5.0 Dodging
 - Level 5.0 Stealth
 - Level 5.0 Shields
 - Level 13.0 Invocations
 - Level 3.0 Evocations


You had 14 spell levels left.
You didn't know any spells.
Your spell library contained the following spells:

 Spells                   Type           Power      Damage    Failure   Level
 Apportation              Tloc           0%         N/A       88%         1
 Kiss of Death            Conj/Necr      0%         2d5       88%         1
 Magic Dart               Conj           0%         1d3       88%         1
 Shock                    Conj/Air       0%         1d3       88%         1
 Blink                    Tloc           0%         N/A       96%         2
 Call Imp                 Summ           0%         N/A       96%         2
 Jinxbite                 Hex            0%         N/A       96%         2
 Mercury Vapours          Alch/Air       0%         N/A       96%         2
 Confusing Touch          Hex            0%         N/A       99%         3
 Dazzling Flash           Conj/Hex       0%         N/A       99%         3
 Hailstorm                Conj/Ice       0%         3d5       99%         3
 Inner Flame              Hex/Fire       0%         N/A       99%         3
 Mephitic Cloud           Conj/Alch/Air  0%         N/A       99%         3
 Passwall                 Erth           0%         N/A       99%         3
 Summon Ice Beast         Ice/Summ       0%         N/A       99%         3
 Swiftness                Air            0%         N/A       99%         3
 Tukima's Dance           Hex            0%         N/A       99%         3
 Volatile Blastmotes      Fire/Tloc      0%         2d10      99%         3
 Airstrike                Air            0%         2d(0-16)  100%        4
 Anguish                  Hex/Necr       0%         N/A       100%        4
 Cause Fear               Hex            0%         N/A       100%        4
 Dimensional Bullseye     Hex/Tloc       0%         N/A       100%        4
 Dispel Undead            Necr           0%         3d6       100%        4
 Iskenderun's Mystic Bla  Conj/Tloc      0%         2d3       100%        4
 Alistair's Intoxication  Alch           0%         N/A       100%        5
 Borgnjor's Vile Clutch   Necr/Erth      0%         N/A       100%        5
 Curse of Agony           Necr           0%         N/A       100%        5
 Freezing Cloud           Conj/Ice/Air   0%         6-21      100%        5
 Irradiate                Conj/Alch      0%         3d11      100%        5
 Silence                  Hex/Air        0%         N/A       100%        5
 Summon Forest            Summ/Tloc      0%         N/A       100%        5
 Summon Mana Viper        Hex/Summ       0%         N/A       100%        5
 Bombard                  Conj/Erth      0%         9d1       100%        6
 Permafrost Eruption      Ice/Erth       0%         2x4d2     100%        6
 Sculpt Simulacrum        Ice/Alch       0%         N/A       100%        6
 Summon Cactus Giant      Summ           0%         N/A       100%        6
 Enfeeble                 Hex            0%         N/A       100%        7
 Monstrous Menagerie      Summ           0%         N/A       100%        7
 Ignition                 Fire           0%         3d3       100%        8
 Animate Dead             Necr           Unusable   N/A       N/A         4
 Death Channel            Necr           Unusable   N/A       N/A         6

Dungeon Overview and Level Annotations

Branches:
Dungeon (11/15)            Temple (0/1) D:5            Lair (4/5) D:8
 Shoals (3/4) Lair:3        Snake (0/4) Lair:3        Slime (0/5) Lair:4
    Orc (2/2) D:9             Elf (0/3) Orc:2

Altars:
Ashenzari
Elyvilon
Makhleb
Nemelex Xobeh
Okawaru
Qazlal
Ru
Sif Muna
Uskayaw
Xom
Yredelemnul
Beogh
Jiyva

Shops:
D:6 !   D:7 ?   D:8 ((   D:9 (   Orc:2 *:?==   Shoals:2 *(   Shoals:3 [

Annotations:
Shoals:3 Polyphemus


Innate Abilities, Weirdness & Mutations

You have a pair of horns on your head.
You reflexively headbutt those who attack you in melee.


Message History

The death yak gores you but does no damage.
The death yak gores you!
The death yak gores you but does no damage.
The death yak gores you!!
Your dream sheep zombie is engulfed in calcifying dust.
Your dream sheep zombie is moving more slowly.
Your dream sheep zombie splashes around in the water.
Your dream sheep zombie headbutts the catoblepas.
The death yak gores you but does no damage.
The catoblepas gores your dream sheep zombie!!
Polyphemus hits you!! Polyphemus hits you. The death yak completely misses you.
The death yak gores you but does no damage.
The death yak gores you!
Your dream sheep zombie is engulfed in calcifying dust.
Your dream sheep zombie stops moving altogether!
Polyphemus hits you! Polyphemus hits you.
The catoblepas gores your dream sheep zombie.
The death yak gores you but does no damage. x3
The death yak gores you.
Your dream sheep zombie headbutts the catoblepas.
The death yak gores you but does no damage.
The catoblepas breathes a plume of calcifying dust at your dream sheep zombie.
The blast of calcifying dust hits your dream sheep zombie.
Polyphemus hits you!! Polyphemus hits you! The death yak gores you!
* * * LOW HITPOINT WARNING * * *
The death yak gores you!
* * * LOW HITPOINT WARNING * * *
The death yak gores you!!
* * * LOW HITPOINT WARNING * * *
Your dream sheep zombie is engulfed in calcifying dust.
Your dream sheep zombie splashes around in the water.
Polyphemus hits you!!
* * * LOW HITPOINT WARNING * * *
Polyphemus hits you!!
* * * LOW HITPOINT WARNING * * *
The catoblepas gores your dream sheep zombie!!
The death yak gores you but does no damage.
The death yak gores you!!
You die...
Your body vanishes in a gout of umbral fire.

~~...## ##.## ~~~...#
### ~~~~~.# ~(~~~.## ###
≈≈~~~..####.#
≈≈~~~~.....##
~~≈~~~......###########.
~~≈≈~~...~....>Y.Y~~~~..
~~~~~...~~~....~@C~~~~..
~~~~~..~~~....~YZY~~~~~.
....~~~~~.....~YZ~~~~~~.
≈~~...~~~~...~ZZ~≈≈≈~~~.
≈≈≈~..~~~~.#.~~§~≈≈≈~~~~
..~≈~~~~~..##.~§≈≈≈≈≈~~~
~..~~~≈~..Z...~§≈≈≈≈~~~~
≈...~.≈≈.....~~§≈≈≈≈~~~~
≈≈.....~~....~~~~≈≈≈~~~~


You could see Polyphemus, 4 death yaks, a catoblepas (distracted, drained, ally
target), a friendly cyclops zombie (petrified) and 3 friendly dream sheep
zombies.

Vanquished Creatures
  Snorg (D:10)
  2 merfolk impalers (Shoals:2)
  A hydra (Lair:2)
  2 two-headed ogres (D:10)
  A centaur warrior (Shoals:1)
  A merfolk aquamancer (Shoals:1)
  3 death yaks (Lair:4)
  2 orc high priests (Orc:2)
  Sonja (D:10)
  A sixfirhy (D:11)
  A skyshark (Shoals:2)
  2 sea snakes (Shoals:2)
  4 orc knights (Orc:2)
  A deep elf pyromancer (D:9)
  6 harpies (Shoals:1)
  5 manticores
  4 fauns (Shoals:1)
  An obsidian bat (Orc:2)
  4 orc sorcerers (Orc:2)
  An ugly thing (D:11)
  A water nymph (Shoals:1)
  2 cyclopes
  3 kobold blastminers (Orc:2)
  2 black mambas (Lair:2)
  4 merfolk sirens
  A guardian serpent (D:11)
  2 elephants (Lair:1)
  A gargoyle (D:11)
  7 cane toads
  An unseen horror (D:10)
  Jeremiah (D:7)
  5 komodo dragons
  2 merfolk (Shoals:2)
  A troll (D:10)
  2 polar bears
  2 blink frogs (Lair:2)
  2 dream sheep (Shoals:3)
  2 snapping turtles
  A slime creature (D:10)
  A vampire (D:9)
  6 wyverns
  21 yaks
  9 water elementals
  2 basilisks
  5 vampire mosquitoes
  Menkaure (D:5)
  An acid dragon (D:11)
  9 water moccasins
  9 orc warriors
  A swamp drake (D:9)
  A black bear (D:8)
  2 sky beasts
  5 ogres
  An ice beast (D:7)
  4 centaurs
  7 wolves
  2 phantoms
  2 kobold brigands
  8 bullfrogs
  A scorpion (D:6)
  3 gnoll sergeants (D:10)
  7 wights
  14 killer bees
  A jelly (D:6)
  4 electric eels
  3 howler monkeys
  3 bombardier beetles
  5 hounds
  13 orc priests
  3 iguanas
  2 sleepcaps
  20 orc wizards
  3 hell rats (Lair:2)
  9 gnolls
  7 adders
  A shadow imp (D:7)
  A white imp (D:9)
  6 dart slugs
  47 orcs
  5 bats
  6 endoplasms
  7 giant cockroaches
  5 goblins
  5 hobgoblins
  3 jackals (D:2)
  6 quokkas
  6 ball pythons
  4 frilled lizards
  8 kobolds
  5 rats
  A butterfly (D:5)
397 creatures vanquished.

Vanquished Creatures (collateral kills)
  2 hydras
  2 centaur warriors
  A merfolk aquamancer (Shoals:2)
  A merfolk avatar (Shoals:2)
  A two-headed ogre (D:11)
  An orc high priest (Orc:2)
  Nergalle (Lair:2)
  2 skysharks
  3 sea snakes
  7 harpies (Shoals:1)
  A deep elf zephyrmancer (D:9)
  A manticore (Shoals:1)
  6 fauns (Shoals:1)
  2 cyclopes
  An elephant (Lair:1)
  Maurice (Orc:2)
  A kobold blastminer (Orc:2)
  A black mamba (Lair:1)
  A merfolk siren (Shoals:1)
  A cane toad (Lair:4)
  Maggie (D:7)
  An unseen horror (D:11)
  A rime drake (Lair:3)
  A komodo dragon (Lair:4)
  2 trolls
  11 merfolk
  3 blink frogs
  6 dream sheep
  2 snapping turtles (Shoals:2)
  3 water elementals
  A wyvern (Lair:3)
  7 yaks
  A basilisk (Lair:4)
  A vampire mosquito (D:11)
  3 nagas (Lair:3)
  2 water moccasins
  An ice beast (D:6)
  An orc warrior (D:11)
  An ogre (D:6)
  A sky beast (D:6)
  A wolf (Lair:1)
  A centaur (D:9)
  A kobold brigand (D:10)
  4 bullfrogs
  A gnoll sergeant (D:11)
  2 wights (D:7)
  A killer bee (D:11)
  A howler monkey (D:11)
  An electric eel (D:8)
  A crimson imp (D:9)
  6 jellies (Lair:4)
  An iron imp (D:9)
  2 orc priests
  A sleepcap (D:6)
  Ijyb (D:5)
  2 iguanas
  6 orc wizards
  A hell rat (Lair:2)
  A gnoll (D:10)
  2 shadow imps
  18 orcs
  12 kobolds
154 creatures vanquished.

Vanquished Creatures (others)
  A sea snake zombie (Shoals:1)
  A komodo dragon (D:10)
  An unseen horror zombie (D:11)
  2 harpy zombies (Shoals:1)
  2 black mamba zombies
  A yak (D:10)
  A water nymph zombie (Shoals:1)
  3 faun zombies (Shoals:1)
  A cane toad zombie (Lair:4)
  3 merfolk zombies (Shoals:1)
  An orc warrior (D:10)
  A snapping turtle zombie (Shoals:1)
  3 dream sheep zombies (Lair:4)
  A manticore zombie (Shoals:1)
  A komodo dragon zombie (Lair:4)
  A cyclops zombie (D:10)
  4 water moccasin zombies
  2 wyvern zombies
  A troll zombie (D:10)
  4 yak zombies
  4 bullfrog zombies
  3 centaur zombies
  A black bear zombie (D:8)
  An orc wizard (D:10)
  9 killer bee zombies
  An acid dragon zombie (D:11)
  A vine stalker zombie (Orc:2)
  A naga zombie (Lair:3)
  A sky beast zombie (D:7)
  3 ogre zombies
  2 hound zombies
  2 hell rat zombies (Lair:2)
  A howler monkey zombie (D:11)
  An adder zombie (D:4)
  3 iguana zombies
  3 jelly zombies
  47 orc zombies
  A spectral shadow imp (D:7)
  A spectral white imp (D:9)
  An orc (D:5)
  A bat zombie (D:3)
  A ball python zombie (D:4)
  A dart slug zombie (D:3)
  A frilled lizard zombie (D:3)
  A giant cockroach zombie (D:4)
  7 gnoll zombies
  A goblin zombie (D:4)
  A hobgoblin zombie (D:3)
  13 kobold zombies
  2 quokka zombies (D:4)
151 creatures vanquished.

Grand Total: 702 creatures vanquished

Notes
Turn   | Place    | Note
-------+----------+-------------------------------------------
     0 | D:1      | smashvw the Minotaur Gladiator began the quest for the Orb.
     0 | D:1      | Reached XP level 1. HP: 18/18 MP: 0/0
   354 | D:1      | Reached XP level 2. HP: 25/25 MP: 1/1
  1207 | D:2      | Reached XP level 3. HP: 31/31 MP: 2/2
  1564 | D:2      | Reached skill level 5 in Polearms
  1564 | D:2      | Reached XP level 4. HP: 38/40 MP: 3/3
  1806 | D:3      | Found a basalt altar of Yredelemnul.
  1812 | D:3      | Found a white marble altar of Elyvilon.
  1814 | D:3      | Became a worshipper of Yredelemnul the Fallen
  1819 | D:3      | Found a sparkling altar of Nemelex Xobeh.
  1819 | D:3      | Found a sacrificial altar of Ru.
  1838 | D:3      | Found a shimmering blue altar of Sif Muna.
  2097 | D:3      | Reached XP level 5. HP: 44/47 MP: 4/4
  2303 | D:3      | Identified the +3 robe of Generosity {rC+}
  2501 | D:4      | Reached skill level 5 in Fighting
  2593 | D:4      | Noticed a phantom
  2609 | D:4      | Killed a phantom
  2730 | D:4      | Reached XP level 6. HP: 57/57 MP: 5/5
  2999 | D:4      | Reached * piety under Yredelemnul
  3163 | D:4      | Found a burning altar of Makhleb.
  3432 | D:4      | Reached XP level 7. HP: 64/64 MP: 6/6
  3574 | D:5      | Entered Level 5 of the Dungeon
  3588 | D:5      | Found an iron altar of Okawaru.
  3616 | D:5      | Noticed Ijyb
  3618 | D:5      | Noticed Menkaure
  3635 | D:5      | Killed Ijyb
  3637 | D:5      | Reached ** piety under Yredelemnul
  3648 | D:5      | Killed Menkaure
  3991 | D:5      | Reached XP level 8. HP: 70/74 MP: 7/7
  4278 | D:5      | Found a staircase to the Ecumenical Temple.
  4461 | D:5      | Found a broken altar of Ashenzari.
  4475 | D:5      | Found a stormy altar of Qazlal.
  4989 | D:6      | Found Lacerr's Distillery.
  5094 | D:6      | Reached skill level 10 in Polearms
  5143 | D:6      | Reached skill level 10 in Fighting
  5429 | D:7      | Noticed a +0 dagger
  5432 | D:7      | Noticed a +0 falchion
  5476 | D:7      | Noticed Maggie
  5491 | D:7      | Killed Maggie
  5492 | D:7      | Reached XP level 9. HP: 85/85 MP: 8/8
  5743 | D:7      | Noticed a +0 falchion
  5743 | D:7      | Noticed a +0 short sword
  5743 | D:7      | Noticed a +0 spear
  5743 | D:7      | Noticed a +0 short sword
  5744 | D:7      | Noticed a +0 dagger
  5744 | D:7      | Noticed a +0 spear
  5919 | D:7      | Reached *** piety under Yredelemnul
  5984 | D:7      | Found Sesmuck's Magic Scroll Boutique.
  5996 | D:7      | Bought a scroll of teleportation for 39 gold pieces
  5996 | D:7      | Bought a scroll of poison for 52 gold pieces
  5996 | D:7      | Bought a scroll of noise for 13 gold pieces
  6027 | D:7      | Noticed Jeremiah
  6049 | D:7      | Killed Jeremiah
  6286 | D:7      | Found a hide-covered altar of Uskayaw.
  6349 | D:8      | Found a staircase to the Lair.
  6492 | D:8      | Noticed a komodo dragon
  6523 | D:8      | Killed a komodo dragon
  6524 | D:8      | Reached skill level 1 in Armour
  6524 | D:8      | Reached skill level 1 in Invocations
  6818 | D:8      | Reached XP level 10. HP: 93/93 MP: 10/10
  6869 | D:8      | Found Ebuerchel's Antique Weapon Shoppe.
  6951 | D:8      | Reached skill level 1 in Stealth
  7049 | D:8      | Found Gamuir's Antique Weapon Emporium.
  7125 | D:8      | Noticed a five-headed hydra
  7128 | D:8      | Noticed a cyclops
  7136 | D:8      | Killed a five-headed hydra
  7139 | D:8      | Killed a cyclops
  7568 | D:9      | Noticed a deep elf pyromancer
  7571 | D:9      | Killed a deep elf pyromancer
  7572 | D:9      | Reached skill level 5 in Armour
  7576 | D:9      | Identified the +1 hat of Winter {Will+ Int+2}
  7576 | D:9      | Identified the +1 robe of Sec Roc {^Contam +Blink Dex+5}
  7595 | D:9      | Noticed a deep elf zephyrmancer
  7600 | D:9      | Killed a deep elf zephyrmancer
  7760 | D:9      | Found a staircase to the Orcish Mines.
  8040 | D:9      | Found Icerokk's Antique Weapon Emporium.
  8111 | D:9      | Reached skill level 5 in Invocations
  8476 | D:10     | Entered Level 10 of the Dungeon
  8476 | D:10     | Found a shimmering altar of Xom.
  8496 | D:10     | Reached XP level 11. HP: 67/99 MP: 14/14
  8498 | D:10     | Noticed a centaur warrior
  8505 | D:10     | Noticed a two-headed ogre
  8523 | D:10     | Killed a centaur warrior
  8523 | D:10     | Reached **** piety under Yredelemnul
  8524 | D:10     | Reached skill level 5 in Stealth
  8527 | D:10     | Killed a two-headed ogre
  8948 | D:10     | Noticed a two-headed ogre
  8958 | D:10     | Killed a two-headed ogre
  9057 | D:10     | Noticed Sonja
  9078 | D:10     | Noticed Snorg
  9080 | D:10     | Killed Sonja
  9086 | D:10     | Your ally Sonja died
  9097 | D:10     | Killed Snorg
  9098 | D:10     | Reached skill level 10 in Armour
  9098 | D:10     | Reached skill level 1 in Evocations
  9641 | D:11     | Reached XP level 12. HP: 71/106 MP: 17/17
  9791 | D:11     | Reached skill level 5 in Shields
 10014 | D:11     | Noticed a two-headed ogre
 10021 | D:11     | Killed a two-headed ogre
 10272 | D:11     | Identified the +0 robe "Waaplaph" {Fly Int-4 Dex+8 Stlth-}
 10717 | D:11     | Found a runed translucent door.
 11028 | Lair:1   | Entered Level 1 of the Lair of Beasts
 11430 | Lair:1   | Noticed an eight-headed hydra
 11435 | Lair:1   | Killed an eight-headed hydra
 11530 | Lair:1   | Reached ***** piety under Yredelemnul
 12085 | D:6      | Bought a potion of attraction for 30 gold pieces
 12085 | D:6      | Bought a potion of degeneration for 10 gold pieces
 12085 | D:6      | Bought a potion of berserk rage for 50 gold pieces
 12085 | D:6      | Bought a potion of resistance for 100 gold pieces
 12256 | Lair:2   | Noticed a five-headed hydra
 12267 | Lair:2   | Killed a five-headed hydra
 12725 | Lair:2   | Reached XP level 13. HP: 122/122 MP: 18/18
 12777 | Lair:2   | Reached skill level 5 in Dodging
 12784 | Lair:2   | Noticed Nergalle
 12796 | Lair:2   | Killed Nergalle
 13433 | Lair:3   | Found a staircase to the Snake Pit.
 13570 | Lair:3   | Found a staircase to the Shoals.
 13956 | Lair:3   | Reached ****** piety under Yredelemnul
 14349 | Lair:4   | Reached skill level 10 in Invocations
 14392 | Lair:4   | Found a viscous altar of Jiyva.
 14392 | Lair:4   | Found a staircase to the Slime Pits.
 15314 | Orc:1    | Entered Level 1 of the Orcish Mines
 15404 | Orc:2    | Entered Level 2 of the Orcish Mines
 15404 | Orc:2    | Found a staircase to the Elven Halls.
 15405 | Orc:2    | Noticed Maurice
 15412 | Orc:2    | Killed Maurice
 15499 | Orc:2    | Found Telis's Jewellery Emporium.
 15569 | Orc:2    | Your ally Maurice died
 15576 | Orc:2    | Found Jabutroa's General Store.
 15887 | Orc:2    | Found a roughly hewn altar of Beogh.
 16640 | Orc:2    | Found Ynicuqa's Book Emporium.
 16641 | Orc:2    | Found Kaxev's Jewellery Shop.
 16641 | Orc:2    | Found Wyukkit's Magic Scroll Shop.
 16659 | Orc:2    | Bought a scroll of enchant weapon for 105 gold pieces
 16659 | Orc:2    | Bought a scroll of identify for 28 gold pieces
 16659 | Orc:2    | Bought a scroll of identify for 28 gold pieces
 16677 | Orc:2    | Bought a +6 ring of strength for 432 gold pieces
 16935 | Orc:1    | Reached XP level 14. HP: 124/129 MP: 20/22
 16977 | Orc:1    | Found a roughly hewn altar of Beogh.
 17315 | Shoals:1 | Entered Level 1 of the Shoals
 18079 | Shoals:1 | Noticed Frances
 18094 | Shoals:1 | Killed Frances
 18094 | Shoals:1 | Bound Frances
 18434 | Shoals:1 | Reached skill level 15 in Fighting
 18434 | Shoals:1 | Reached skill level 15 in Armour
 18943 | Shoals:2 | Found Isagumoss's Firing Range.
 19809 | Shoals:2 | Found Ruuseih's General Store.
 20034 | Shoals:2 | Bought a scroll of identify for 26 gold pieces
 20034 | Shoals:2 | Bought a scroll of blinking for 97 gold pieces
 20286 | Shoals:3 | Reached XP level 15. HP: 144/144 MP: 23/23
 20343 | Shoals:3 | Found Finnah's Antique Armour Emporium.
 20402 | Shoals:3 | Noticed Polyphemus
 20418 | Shoals:3 | HP: 7/144 [Polyphemus (9)]
 20418 | Shoals:3 | Slain by a death yak

Illustrated notes

Levels and vault maps discovered:
D:1:      amcnicky_arrival_abandoned_market, layout_basic
D:2:      layout_loops_cross, minmay_misc_feat_iff
D:3:      layout_loops_ring, nicolae_overflow_hallway_of_the_gods
D:4:      layout_gridville, makhleb_blood_cavern_becter, serial_park_tiny_2
D:5:      wad_lake_hut, layout_loops_ring, ashenzari_altar_1,
          okawaru_ov_weapons_minmay, lemuel_tele_altar,
          minmay_temple_entry_butterflies, nicolae_kite_square_tiling_tiny,
          uniq_menkaure, uniq_ijyb
D:6:      layout_gridville, serial_shops, nicolae_shop_pleasant_corner_grove
D:7:      layout_basic, nicolae_uskayaw_en_pointe, serial_shops,
          nicolae_lakefront_shop, uniq_jeremiah, uniq_maggie
D:8:      kennysheep_big_flooded_room, layout_basic, lair_entry_dummy,
          serial_shops, kennysheep_little_box, nicolae_shop_hallway_stairs
D:9:      layout_irregular_city, orc_david_3, serial_shops, shop,
          hangedman_minor_magic
D:10:     layout_small_grid, xom_confusion_cloud, minmay_bent, uniq_sonja,
          uniq_snorg
D:11:     cheibrodos_shockbox, layout_layer_cave, nrook_guardian_serpent_double
Lair:1:   layout_cave_pods
Lair:2:   layout_long_grid, grunt_forest_large_clearings, grunt_megastairs_5,
          infiniplex_staircase_pool, uniq_nergalle
Lair:3:   layout_loops_ring, minmay_shoals_entry_hut,
          guppyfry_snake_entry_island, grunt_megastairs_2
Lair:4:   layout_gridlike, nicolae_slime_entry_field_trip, serial_bayou_pond_b,
          minmay_stone_trees_medium, grunt_megastairs_1
Shoals:1: layout_shoals, nicolae_shoals_water_elemental_grotto, uniq_frances
Shoals:2: layout_shoals, serial_shops, nicolae_shop_hallway_stairs,
          nicolae_shoals_nautilus_by_nature, nicolae_shop_firing_range
Shoals:3: layout_shoals, serial_shops, shop, lemuel_centaur_altar,
          uniq_polyphemus
Orc:1:    layout_caves, basic_altar
Orc:2:    st_orc_elflike, layout_diamond_mine, serial_shops, shop_fountains,
          basic_altar, uniq_maurice

Skill      XL: |  1  2  3  4  5  6  7  8  9 10 11 12 13 14 |
---------------+-------------------------------------------+-----
Polearms       | 4 5 6 7 8 11 14 | 14.0
Fighting       | 3 4 5 6 8 10 13 16 | 16.2
Armour         | 2 6 10 13 16 | 16.2
Invocations    | 1 5 8 13 | 13.0
Stealth        | 4 5 |  5.0
Shields        | 4 5 |  5.0
Evocations     | 3 |  3.0
Dodging        | 4 5 |  5.0
Throwing       | |  2.0

Action                     |  1- 3 |  4- 6 |  7- 9 | 10-12 | 13-15 || total
---------------------------+-------+-------+-------+-------+-------++-------
  Melee: Trident           |    89 |   168 |   136 |   489 |   627 ||  1509
         Headbutt          |    10 |    11 |    27 |    65 |    86 ||   199
         Spear             |       |       |   150 |       |       ||   150
 Invoke: Light the Black T |       |     2 |     3 |     6 |     7 ||    18
         Hurl Torchlight   |       |       |       |     3 |     2 ||     5
         Bind Soul         |       |       |       |       |     1 ||     1
    Use: Scroll            |       |       |     1 |     5 |    15 ||    21
         Potion            |       |       |     1 |       |     1 ||     2
   Stab: Distracted        |       |       |       |     5 |    14 ||    19
         Confused          |       |       |       |     1 |       ||     1
 Armour: Leather armour    |    24 |       |       |       |       ||    24
         Ring mail         |    23 |       |       |       |       ||    23
         Scale mail        |     2 |     2 |       |       |       ||     4
         Plate armour      |       |    54 |   107 |   256 |   344 ||   761
         Chain mail        |       |     9 |       |       |       ||     9
  Dodge: Dodged            |    37 |    29 |    58 |    86 |   120 ||   330
  Block: Buckler           |       |       |       |    43 |    84 ||   127

Table legend: (Time is in decaauts)
 A = Elapsed time spent in this place.
 B = Non-inter-level travel time spent in this place.
 C = Inter-level travel time spent in this place.
 D = Time resting spent in this place.
 E = Time spent auto-exploring this place.
 F = Levels seen in this place.
 G = Mean time per level.
                   A        B        C        D        E       F      G
               +--------+--------+--------+--------+--------+-----+--------+
         Total |  19993 |  19007 |    986 |    491 |  15430 |  20 |  999.7 |
       Dungeon |  11031 |  10355 |    676 |      0 |   8576 |  11 | 1002.8 |
          Lair |   4046 |   3848 |    198 |      0 |   3298 |   4 | 1011.5 |
        Shoals |   3137 |   3115 |     22 |    275 |   2397 |   3 | 1045.7 |
  Orcish Mines |   1778 |   1688 |     90 |    216 |   1158 |   2 |  889.0 |
               +--------+--------+--------+--------+--------+-----+--------+

Top non-repeatable levels by time:
Shoals:1: 1527 daAuts
    D:11: 1497 daAuts
Shoals:2: 1416 daAuts
   Orc:2: 1300 daAuts
     D:8: 1270 daAuts
  Lair:2: 1180 daAuts
     D:5: 1078 daAuts
     D:4: 1075 daAuts
     D:1: 1065 daAuts
     D:9: 1031 daAuts
  Lair:1: 1013 daAuts
  Lair:3: 971 daAuts
    D:10: 907 daAuts
  Lair:4: 880 daAuts
     D:7: 861 daAuts
